Map: Automaton LE

Players

Throwfordays - Winner!

  • Race: Protoss Protoss
  • League: Bronze
  • Spawn Location: 9:00

Junky

  • Race: Terran Terran
  • Spawn Location: 3:00

VOD

Have the link to the VOD?

Description

Time

  • Played on: Jan. 23, 2019, 9:48 p.m.
  • Length: 5:29
Show
View Real Time Build Order
Export as new Build Order

Throwfordays Protoss - Winner!

Build Orders:  

Get SALT Encoding   

  12  0:00  Probe  
  13  0:12  Probe  
  14  0:20  Pylon  
  14  0:24  Probe  
  15  0:38  Probe  
  15  0:40  Gateway  
  16  0:58  Probe  
  16  1:03  Assimilator  
  17  1:13  Probe  
  18  1:25  Pylon, Probe  
  19  1:28  Zealot  
  21  1:37  Probe  
  22  1:49  Probe  
  22  1:52  Cybernetics Core  
  23  2:00  Nexus  
  23  2:04  Pylon  
  23  2:08  Warp Gate  
  23  2:12  Assimilator  
  23  2:25  Pylon  
  23  2:31  Gateway  
  23  2:36  Probe  
  24  2:48  Probe  
  24  2:49  Stalker  
  27  3:00  Probe  
  28  3:15  Probe  
  28  3:17  Probe  
  28  3:19  Stalker  
  32  3:27  Probe  
  32  3:29  Probe  
  34  3:39  Probe  
  35  3:41  Probe  
  36  3:51  Pylon, Probe  
  36  3:53  Probe  
  36  3:54  Forge  
  38  3:58  Stalker  
  40  4:03  Stalker, Probe  
  40  4:05  Probe  
  44  4:15  Probe  
  45  4:17  Probe  
  45  4:19  Pylon  
  46  4:25  Gateway  
  46  4:27  Probe  
  46  4:30  Probe  
  48  4:31  Stalker  
  48  4:36  Stalker  
  52  4:40  Probe  
  52  4:42  Probe  
  54  4:57  Gateway  
  54  4:59  Stalker x2  
  58  5:00  Gateway  
Show
View Real Time Build Order
Export as new Build Order

Junky Terran 

Build Orders:  

Get SALT Encoding   

  12  0:01  SCV  
  13  0:13  SCV  
  14  0:25  SCV  
  15  0:32  Supply Depot  
  15  0:54  SCV  
  16  0:57  Barracks  
  16  1:06  SCV  
  16  1:08  Refinery  
  18  1:18  SCV  
  18  1:30  Refinery, SCV  
  19  1:42  SCV  
  19  1:46  Supply Depot  
  20  1:53  Command Center  
  20  1:54  SCV  
  21  2:07  SCV  
  21  2:08  Reaper  
  23  2:18  Supply Depot  
  23  2:19  SCV  
  24  2:31  SCV  
  25  2:42  Barracks Reactor  
  25  2:58  Factory  
  25  2:59  Orbital Command  
  25  3:06  SCV  
  26  3:18  SCV  
  26  3:29  Barracks Reactor  
  26  3:30  SCV  
  27  3:42  SCV x2  
  29  3:54  SCV  
  29  3:55  SCV  
  31  4:02  Factory  
  31  4:06  SCV  
  31  4:07  SCV  
  33  4:19  SCV x2, Hellion x2  
  39  4:31  SCV x2  
  41  4:32  Barracks Tech Lab  
  41  4:37  Refinery  
  41  4:40  Hellion  
  41  4:41  Refinery, Hellion  
  41  4:43  SCV x2  
  47  4:55  SCV  
  48  5:02  Hellion x2  
  50  5:07  SCV  
Tags
 
League
Bronze
Matchup
PvT
Replay Pack
Multiplayer
Spawn Locations
Cross Positions
Add a new tag
Caveats
  • Supply blocks, unpowered buildings, or Contaminate may cause inaccurate times.
  • Supply counts are checked every 10 seconds.